Map: Ice and Chrome LE

Players

soul

  • Race: Terran Terran
  • League: Master
  • Spawn Location: 1:00

Neeblet (Neeb) - Winner!

  • Race: Protoss Protoss
  • Spawn Location: 7:00

Event: StayAtHomestory Cup #2

VOD

Have the link to the VOD?

Description

Time

  • Played on: June 11, 2020, 5:41 p.m.
  • Length: 11:42

All games in this series

Show
View Real Time Build Order
Export as new Build Order

soul Terran 

Build Orders: Gas First Reaper Expand, Liberator Opening 

Get SALT Encoding   

  12  0:00  SCV  
  13  0:13  SCV  
  14  0:17  Supply Depot  
  14  0:25  SCV  
  15  0:28  Refinery  
  15  0:38  SCV  
  16  0:44  Barracks  
  16  0:50  SCV  
  17  1:02  SCV  
  18  1:15  SCV  
  19  1:35  Reaper, Orbital Command  
  20  1:49  Command Center  
  20  1:56  Factory  
  20  2:00  SCV  
  21  2:07  Barracks Reactor  
  21  2:16  Supply Depot  
  21  2:17  SCV  
  22  2:26  Refinery  
  22  2:29  SCV  
  23  2:41  SCV  
  24  2:49  Starport  
  24  2:52  Hellion x2  
  24  2:53  SCV  
  29  2:59  Barracks Tech Lab  
  29  3:02  Orbital Command  
  29  3:05  SCV  
  29  3:21  SCV  
  29  3:23  Cyclone, Marine x2  
  35  3:31  SCV  
  35  3:33  Supply Depot  
  36  3:37  SCV  
  36  3:38  Liberator  
  40  3:41  Marine  
  40  3:47  SCV, Marine  
  39  3:51  Supply Depot  
  39  3:53  SCV  
  39  3:54  Bunker  
  40  3:59  SCV, Marine  
  40  4:01  Cyclone  
  45  4:05  Supply Depot  
  45  4:09  SCV  
  46  4:11  SCV  
  47  4:22  SCV  
  47  4:24  SCV  
  48  4:26  Armory  
  48  4:34  SCV  
  48  4:36  SCV  
  48  4:37  Command Center  
  50  4:40  Marine  
  50  4:41  Marine  
  52  4:47  SCV  
  52  4:48  SCV  
  54  4:59  SCV  
  55  5:00  Supply Depot  
  55  5:01  Barracks  
  55  5:03  SCV, Barracks  
  55  5:06  Marine x2  
  58  5:12  SCV  
  58  5:13  Refinery  
  58  5:14  Cyclone, Refinery, Drilling Claws  
  59  5:19  SCV  
  60  5:26  Engineering Bay x2  
  60  5:30  SCV  
  61  5:36  Marine  
  61  5:39  SCV  
  61  5:41  Medivac  
  65  5:43  SCV  
  65  5:44  Marine  
  65  5:46  Widow Mine  
  65  5:49  Barracks Tech Lab  
  69  5:50  Barracks Tech Lab  
  69  5:51  SCV, Orbital Command  
  69  5:55  SCV, Terran Infantry Weapons Level 1  
  71  5:58  Missile Turret  
  71  6:00  Terran Infantry Armor Level 1  
  71  6:03  SCV  
  71  6:07  SCV, Widow Mine  
  71  6:10  Stimpack  
  73  6:13  Combat Shield  
  73  6:15  SCV  
  74  6:19  Orbital Command  
  74  6:20  SCV  
  74  6:25  Medivac  
  77  6:27  SCV  
  77  6:29  Missile Turret, Widow Mine  
  77  6:30  Supply Depot  
  77  6:32  SCV  
  81  6:34  Marauder, Marine  
  81  6:35  Marauder  
  87  6:42  Barracks  
  87  6:43  SCV  
  87  6:44  SCV  
  87  6:45  Barracks  
  87  6:50  SCV  
  87  6:55  SCV  
  87  6:56  SCV  
  87  6:57  Starport Reactor  
  87  7:00  Marine x2, Widow Mine x2  
  95  7:01  Concussive Shells  
  95  7:02  SCV  
  95  7:05  Supply Depot  
  95  7:06  Supply Depot  
  95  7:07  SCV  
  98  7:08  SCV  
  98  7:12  Refinery x2, Marauder  
  98  7:14  SCV  
  101  7:25  Supply Depot  
  101  7:26  SCV, Marine  
  101  7:27  SCV, Marauder  
  101  7:28  Supply Depot  
  101  7:29  Supply Depot  
  107  7:33  Marauder  
  107  7:34  SCV  
  107  7:39  Medivac x2  
  107  7:41  Widow Mine  
  109  7:44  Barracks Reactor x2, Marine  
  109  7:45  SCV  
  109  7:47  SCV  
  109  7:48  Marauder  
  113  7:55  Supply Depot, Marauder  
  112  8:00  SCV x2  
  112  8:02  Marauder  
  112  8:05  Widow Mine x2  
  120  8:07  SCV  
  120  8:08  Terran Infantry Weapons Level 2  
  120  8:09  Medivac  
  120  8:10  Marauder  
  120  8:12  SCV  
  126  8:16  Marauder  
  128  8:21  Marine x2  
  128  8:22  Command Center, Marine x2, Ghost Academy  
  128  8:24  Marauder  
  128  8:25  Medivac  
  128  8:26  SCV, Widow Mine x2  
  128  8:27  SCV  
  142  8:30  Supply Depot, Marine  
  142  8:33  Supply Depot  
  143  8:40  Marauder  
  145  8:42  Marine  
  145  8:44  Starport  
  145  8:45  Marauder  
  145  8:48  Widow Mine x2  
  146  8:49  Marauder  
  146  8:54  Enhanced Shockwaves  
  149  8:55  SCV x2  
  149  8:57  Missile Turret  
  146  9:02  Viking  
  146  9:03  Viking  
  150  9:10  Marine  
  150  9:11  Marauder, Refinery  
  150  9:12  Marauder, Marine  
  150  9:15  Refinery  
  150  9:17  Marauder, Marine  
  147  9:25  Terran Infantry Armor Level 2  
  147  9:26  Terran Ship Weapons Level 1  
  147  9:27  SCV x3  
  147  9:31  Starport Reactor, Widow Mine x2  
  154  9:32  Viking  
  154  9:33  Viking  
  158  9:42  Ghost x2, Marine  
  158  9:43  Marine  
  163  9:47  Planetary Fortress, Marine x2  
  163  9:51  Bunker  
  163  9:58  SCV  
  164  10:00  Marine  
  164  10:01  Marauder  
  164  10:02  Sensor Tower  
  167  10:11  Viking x4  
  175  10:17  Marine  
  175  10:18  Marauder x2  
  164  10:30  Marine  
  164  10:31  Marauder  
  164  10:33  Marine  
  155  10:39  Marauder x2  
  155  10:41  Viking x3, Marine  
  125  10:50  Marine  
  125  10:51  Marine  
  125  10:52  Marauder, Marine  
  95  10:59  Marine  
  95  11:01  Marauder x2  
  95  11:08  Marine  
  95  11:09  Marine  
  95  11:10  Marine  
  93  11:13  Marine  
  93  11:17  Marine  
  81  11:22  Marine  
Show
View Real Time Build Order
Export as new Build Order

Neeblet Protoss - Winner!

Build Orders: 1 Gate Expand, Oracle Opening, Phoenix Opening 

Get SALT Encoding   

  12  0:00  Probe  
  13  0:12  Probe  
  14  0:17  Pylon  
  14  0:24  Probe  
  15  0:32  Probe  
  15  0:38  Gateway  
  15  0:40  Probe  
  16  0:47  Assimilator  
  17  0:51  Probe  
  18  1:03  Probe  
  19  1:15  Probe  
  20  1:23  Nexus  
  20  1:33  Cybernetics Core  
  20  1:36  Probe  
  21  1:41  Assimilator  
  21  1:48  Probe  
  21  1:51  Pylon  
  22  1:56  Probe  
  22  1:59  Adept  
  23  2:05  Probe  
  26  2:15  Probe  
  27  2:22  Stargate  
  27  2:27  Probe  
  27  2:29  Adept  
  30  2:31  Probe  
  30  2:39  Probe x2  
  30  2:41  Warp Gate  
  32  2:49  Probe  
  32  2:52  Probe  
  34  2:58  Oracle  
  34  3:01  Probe  
  34  3:04  Probe  
  36  3:09  Pylon  
  39  3:13  Probe  
  39  3:16  Probe  
  41  3:25  Probe  
  41  3:26  Pylon, Gateway  
  42  3:28  Probe  
  42  3:32  Phoenix  
  43  3:37  Probe  
  43  3:40  Gateway  
  46  3:43  Probe  
  45  3:49  Phoenix  
  45  3:50  Probe  
  45  3:55  Probe  
  47  3:58  Pylon  
  47  4:02  Probe  
  50  4:07  Probe  
  51  4:13  Phoenix  
  51  4:14  Probe  
  54  4:19  Probe  
  54  4:22  Pylon  
  55  4:26  Probe, Pylon  
  55  4:28  Assimilator  
  55  4:29  Assimilator  
  56  4:37  Nexus  
  56  4:38  Probe  
  58  4:43  Phoenix  
  60  4:49  Stalker  
  60  4:50  Stalker  
  62  4:56  Stalker  
  64  5:00  Probe  
  64  5:02  Probe  
  65  5:11  Probe  
  65  5:12  Probe  
  66  5:18  Robotics Facility  
  66  5:19  Probe  
  67  5:24  Probe  
  67  5:25  Sentry  
  71  5:28  Probe  
  72  5:36  Probe  
  72  5:37  Probe  
  72  5:39  Forge  
  72  5:40  Forge  
  74  5:42  Sentry  
  74  5:44  Sentry  
  74  5:45  Probe  
  74  5:47  Probe  
  74  5:48  Probe  
  80  5:54  Twilight Council  
  80  5:55  Probe x2  
  81  6:00  Probe  
  84  6:05  Probe  
  84  6:07  Probe  
  84  6:10  Protoss Ground Armor Level 1  
  84  6:11  Robotics Bay  
  86  6:12  Probe  
  86  6:15  Protoss Ground Weapons Level 1  
  86  6:17  Probe  
  86  6:18  Pylon  
  89  6:19  Nexus  
  89  6:24  Pylon  
  89  6:30  Pylon  
  89  6:31  Probe x3  
  91  6:35  Pylon  
  91  6:38  Observer  
  92  6:43  Probe x2  
  94  6:48  Probe  
  94  6:52  Colossus  
  94  6:54  Charge  
  93  6:55  Probe x2  
  95  7:02  Gateway  
  95  7:04  Gateway  
  95  7:06  Gateway  
  95  7:07  Probe, Pylon  
  102  7:09  Gateway  
  102  7:10  Gateway  
  102  7:13  Shield Battery  
  102  7:14  Photon Cannon  
  102  7:19  Extended Thermal Lance  
  102  7:23  Probe x2  
  102  7:25  Zealot x3  
  110  7:34  Probe  
  110  7:36  Probe  
  110  7:37  Probe  
  107  7:38  Colossus  
  107  7:41  Protoss Ground Armor Level 2  
  107  7:50  Protoss Ground Weapons Level 2  
  113  7:52  Zealot x3  
  113  7:55  Pylon  
  113  7:57  Pylon  
  119  7:59  Pylon  
  119  8:02  Zealot  
  119  8:03  Zealot x2  
  125  8:07  Gateway  
  125  8:08  Gateway  
  125  8:12  Gateway  
  125  8:14  Probe x3  
  125  8:15  Gateway  
  125  8:17  Probe  
  129  8:35  Pylon  
  129  8:37  Pylon  
  129  8:38  Blink  
  125  8:41  Zealot x6  
  125  8:42  Zealot x2  
  141  8:56  Warp Prism  
  141  9:01  Pylon  
  141  9:02  Nexus  
  143  9:03  Pylon  
  143  9:07  Stalker x3  
  143  9:09  Probe x2  
  151  9:16  Stalker x2  
  151  9:17  Stalker x2  
  157  9:18  Probe  
  157  9:24  Warp Prism  
  158  9:27  Probe  
  158  9:30  Assimilator  
  159  9:32  Gravitic Drive  
  159  9:35  Assimilator  
  159  9:37  Dark Shrine  
  161  9:40  Zealot x4  
  161  9:41  Pylon, Zealot x2  
  173  9:47  Zealot x4  
  181  10:02  Photon Cannon  
  181  10:03  Photon Cannon  
  181  10:07  Photon Cannon  
  181  10:10  Zealot x7  
  181  10:11  Pylon  
  195  10:14  Zealot  
  195  10:15  Zealot  
  191  10:34  Zealot x10  
  160  10:57  Stalker x5  
  160  10:58  Zealot x5  
  175  11:08  Observer  
  175  11:10  Zealot x2  
  161  11:15  Pylon  
  161  11:17  Zealot  
  161  11:18  Zealot x5  
  165  11:21  Zealot x3  
  162  11:38  Zealot x4  
  162  11:39  Zealot  
Tags
 
Add a new tag
Caveats
  • Supply blocks, unpowered buildings, or Contaminate may cause inaccurate times.
  • Supply counts are checked every 10 seconds.